 Dungeon Crawl Stone Soup version 0.23.0 (webtiles) character file.

Game seed: 14963277878830710124

56 Borgoz the Chopper (level 3, -4/22 HPs)
             Began as a Gargoyle Gladiator on Feb 9, 2019.
             Slain by a gnoll
             ... wielding a +0 whip
              (9 damage)
             ... on level 2 of the Dungeon.
             The game lasted 00:01:49 (729 turns).

Borgoz the Chopper (Gargoyle Gladiator)              Turns: 729, Time: 00:01:50

Health: -4/22      AC:  7    Str: 17    XL:     3   Next: 97%
Magic:  3/3        EV: 12    Int:  8    God:
Gold:   42         SH:  0    Dex: 12    Spells: 2/2 levels left

rFire    . . .     SeeInvis .   a - +0 war axe
rCold    . . .     Gourm    .   (no shield)
rNeg     + . .     Faith    .   b - +0 leather armour
rPois    ∞         Spirit   .   e - +0 helmet (curse)
rElec    +         Reflect  .   (no cloak)
rCorr    .         Harm     .   (no gloves)
MR       .....                  (no boots)
Stlth    +.........             (no amulet)
HPRegen  0.07/turn              (no ring)
MPRegen  0.08/turn              (no ring)

@: no status effects
A: negative energy resistance 1, electricity resistance, unbreathing,
petrification resistance, rot immunity, AC +3
a: no special abilities


You were on level 2 of the Dungeon.
You were not hungry.

You visited 1 branch of the dungeon, and saw 2 of its levels.

You collected 42 gold pieces.

Inventory:

Hand Weapons
 a - a +0 war axe (weapon)
Missiles
 d - 3 throwing nets (quivered)
Armour
 b - a +0 leather armour (worn)
 e - a cursed +0 helmet (worn)
Scrolls
 g - a scroll of identify {unknown}
 i - a scroll of teleportation {unknown}
Potions
 c - a potion of invisibility {unknown}
 h - a potion of degeneration {unknown}
 j - a potion of cancellation {unknown}
Comestibles
 f - 3 rations


   Skills:
 + Level 2.9 Fighting
 + Level 3.1 Axes
 - Level 1.7 Throwing
 + Level 1.6 Armour
 + Level 2.8 Dodging


You had 2 spell levels left.
You didn't know any spells.
Your spell library was empty.

Dungeon Overview and Level Annotations

Branches:
Dungeon (2/15)

Altars:


Innate Abilities, Weirdness & Mutations

You are resistant to torment.
Your stone body is resilient. (AC +3)
You are immune to poison.
You resist negative energy. (rN+)
You are resistant to electric shocks. (rElec)
You can survive without breathing.
You are immune to petrification.
You are immune to rotting.


Message History

You closely miss the gnoll. x2; The gnoll completely misses you.
The gnoll hits you with a +0 dagger.
You slash the gnoll!
The gnoll is heavily wounded.
You hit the gnoll. You completely miss the gnoll.
The gnoll hits you with a cursed -1 club.
The gnoll hits you with a +0 dagger. The gnoll hits you with a +0 whip.
You hit the gnoll.
The gnoll is almost dead.
You hit the gnoll. You barely miss the gnoll. The gnoll completely misses you.
The gnoll hits you but does no damage. The gnoll hits you with a +0 whip.
The gnoll closely misses you.
The gnoll hits you with a cursed -1 club.
* * * LOW HITPOINT WARNING * * *
You slash the gnoll!
You kill the gnoll!
You slash the gnoll!
You kill the gnoll!
You hit the gnoll but do no damage. The gnoll hits you with a +0 whip!
You die...

#................
########).
+...........#####
.........
(.###........).###.
#########
.............###..
.####.........##..
..............#...
#.##..........#..##
.......†......##.g##
#.##.....###..##@h.###.
. .......#
#.....)......
#..#.....#
#...######...
##.#.....# ##### # #
#.....# ......#


You could see a gnoll and a jackal.

Vanquished Creatures
  2 gnolls (D:2)
  An ooze (D:1)
  A leopard gecko (D:1)
  2 ball pythons
  4 giant cockroaches
  4 goblins (D:1)
  7 hobgoblins (D:1)
  3 bats (D:1)
  A frilled lizard (D:1)
  4 kobolds
  A rat (D:2)
30 creatures vanquished.

Notes
Turn   | Place    | Note
-------+----------+-------------------------------------------
     0 | D:1      | Borgoz the Gargoyle Gladiator began the quest for the Orb.
     0 | D:1      | Reached XP level 1. HP: 12/12 MP: 1/1
    82 | D:1      | Reached XP level 2. HP: 18/18 MP: 2/2
   195 | D:1      | Reached skill level 1 in Armour
   373 | D:1      | Reached skill level 3 in Axes
   374 | D:1      | Reached XP level 3. HP: 22/22 MP: 3/3
   729 | D:2      | Slain by a gnoll

Skill      XL: |  1  2 |
---------------+-------+-----
Armour         | 1 |  1.6
Axes           | 3 |  3.1
Fighting       | |  2.9
Throwing       | |  1.7
Dodging        | |  2.8

Action                   || total
-------------------------++-------
Melee: War axe           ||    81
Armor: Leather armour    ||    49
Dodge: Dodged            ||    91
